 Dungeon Crawl Stone Soup version 0.29-a0-284-gf9362112df (webtiles) character file.

Game seed: 751099320255290631

37 cheechan the Sneak (level 3, -4/21 HPs)
             Began as an Octopode Air Elementalist on Mar 30, 2022.
             Slain by Natasha (7 damage)
             ... on level 2 of the Dungeon.
             The game lasted 00:04:00 (1050 turns).

cheechan the Sneak (Octopode Air Elementalist)      Turns: 1050, Time: 00:04:00

Health: -4/21      AC:  1    Str:  7    XL:     3   Next: 39%
Magic:  1/6        EV: 13    Int: 17    God:
Gold:   61         SH:  0    Dex: 14    Spells: 0/6 levels left

rFire   . . .      SeeInvis .   i - +1 hand axe (elec)
rCold   . . .      Faith    .   (no shield)
rNeg    . . .      Spirit   .   (helmet restricted)
rPois   .          Reflect  .   (no amulet)
rElec   .          Harm     .   (no ring)
rCorr   .          Rampage  .   (no ring)
Will    .....                   (no ring)
Stlth   +++.......              (no ring)
HPRegen 0.07/turn               (no ring)
MPRegen 0.10/turn               (no ring)
                                (no ring)
                                (no ring)

@: no status effects
A: almost no armour, amphibious, 8 rings, camouflage 1, gelatinous body 1,
(nimble swimmer 1), tentacles
a: no special abilities


You were on level 2 of the Dungeon.
You visited 1 branch of the dungeon, and saw 2 of its levels.

You collected 61 gold pieces.

Inventory:

Hand Weapons
 i - a +1 hand axe of electrocution (weapon)
Missiles
 c - 6 stones
Scrolls
 a - 2 scrolls of teleportation {unknown}
 b - a scroll of fog {unknown}
 d - a scroll of identify {unknown}
Potions
 e - a potion of haste {unknown}
 f - a potion of lignification {unknown}
 g - a potion of ambrosia {unknown}
 h - a potion of brilliance {unknown}
 j - a potion of mutation {unknown}
 k - a potion of curing {unknown}


   Skills:
 + Level 0.1 Fighting
 + Level 0.5 Maces & Flails
 + Level 2.2 Dodging
 + Level 3.4 Stealth
 + Level 2.3 Spellcasting
 + Level 1.2 Conjurations
 + Level 3.3 Air Magic


You couldn't memorise any spells.
You knew the following spells:

 Your Spells              Type           Power      Damage    Failure   Level
a - Shock                 Conj/Air       36%        1d5       8%          1
b - Swiftness             Air            13%        N/A       14%         3
c - Blink                 Tloc           4%         N/A       28%         2

Your spell library contained the following spells:

 Spells                   Type           Power      Damage    Failure   Level
 Static Discharge         Conj/Air       9%         N/A       11%         2
 Airstrike                Air            6%         N/A       43%         4
 Manifold Assault         Tloc           2%         N/A       99%         5
 Storm Form               Tmut/Air       3%         N/A       100%        7


Dungeon Overview and Level Annotations

Branches:
Dungeon (2/15)

Altars:

Shops:
D:1 (

Annotations:
D:2 Natasha


Innate Abilities, Weirdness & Mutations

You cannot wear most types of armour.
You are amphibious.
You can wear up to eight rings at the same time.
Your skin changes colour to match your surroundings (Stealth+).
Your rubbery body absorbs attacks. (AC +1, EV +1)
((You are camouflaged when in or above water. (Stealth+)))
You have tentacles for arms and can constrict up to eight enemies at once.


Message History

Confirm with . or Enter, or press ? or * to list all spells.
Aiming: Shock (safe; 8% risk of failure)
Press: ? - help, Shift-Dir - straight line, f - kobold
Aim: a kobold, wielding a +0 dagger (60% to hit)
The zap misses the kobold.
Unknown command.
The kobold hits you with a +0 dagger.
You barely miss the kobold. Your grab misses the kobold.
You squeeze the kobold.
You kill the kobold!
Things that are here:
a +0 dagger; a kobold corpse
Found a stone staircase leading up.
Natasha, Servant of Life and Death comes into view.
Found 6 poisoned darts.
Found a leather armour and a scroll labelled LOCRIXOENEISIU.
Natasha hisses angrily.
Found a scroll labelled QUOLOS MOGHETY.
Natasha stares at you and mumbles some strange words.
You resist with significant effort.
Natasha mumbles some strange words.
You feel troubled.
Casting: Shock (safe; 8% risk of failure)
Confirm with . or Enter, or press ? or * to list all spells.
Aiming: Shock (safe; 8% risk of failure)
Press: ? - help, Shift-Dir - straight line, f - Natasha
Aim: Natasha (60% to hit)
The zap hits Natasha.
Natasha is moderately wounded.
Natasha claws you!
Unknown command.
You closely miss Natasha. You grab Natasha. You squeeze Natasha.
Natasha is severely wounded.
You constrict Natasha, but do no damage.
Natasha claws you!
* * * LOW HITPOINT WARNING * * *
You barely miss Natasha.
Natasha is severely wounded.
You constrict Natasha. Natasha claws you!
You die...

## # # ...########
#######.## #
#.#......###.....#...
#.........#..........
#....................
#....>........<......
#....................
#............h.....[?
#..........$.@.......
##....)....).........
##........#........?.
#...............(##..
#...........###### #
# #.....†....##
####........[.#
..............#
#............##


You could see Natasha.

Vanquished Creatures
  A worm (D:2)
  A dart slug (D:1)
  3 bats (D:1)
  An endoplasm (D:1)
  A giant cockroach (D:1)
  2 goblins (D:1)
  4 hobgoblins (D:1)
  3 jackals (D:1)
  2 ball pythons (D:1)
  5 frilled lizards (D:1)
  5 kobolds
  4 rats
32 creatures vanquished.

Notes
Turn   | Place    | Note
-------+----------+-------------------------------------------
     0 | D:1      | cheechan the Octopode Air Elementalist began the quest for
                  | the Orb.
     0 | D:1      | Reached XP level 1. HP: 11/11 MP: 3/3
    48 | D:1      | Reached XP level 2. HP: 6/17 MP: 0/5
   121 | D:1      | Found Ero Texin's Weapon Shop.
   622 | D:1      | Reached XP level 3. HP: 15/21 MP: 3/6
   647 | D:1      | Learned a level 3 spell: Swiftness
   650 | D:1      | Learned a level 2 spell: Blink
  1042 | D:2      | Noticed Natasha
  1050 | D:2      | Slain by Natasha

Illustrated notes

Levels and vault maps discovered:
D:1:      dpeg_arrival_tiny_a, layout_loops_ring, serial_shops,
          nicolae_shop_behind_doors
D:2:      minmay_alternating_diamond, layout_rooms, serial_bayou_pond_e,
          uniq_natasha

Skill      XL: |  1 |
---------------+----+-----
Stealth        | 3 |  3.4
Fighting       | |  0.1
Maces & Flails | |  0.5
Dodging        | |  2.2
Spellcasting   | |  2.3
Conjurations   | |  1.2
Air Magic      | |  3.3

Action                   || total
-------------------------++-------
Melee: Whip              ||    21
       Constrict         ||    11
       Tentacles         ||     9
       Hand axe          ||    15
       War axe           ||     2
 Cast: Shock             ||    31
  Use: Potion            ||     1
 Stab: Sleeping          ||     5
Armor: Skin              ||     3
Dodge: Dodged            ||    25

Table legend: (Time is in decaauts)
 A = Elapsed time spent in this place.
 B = Non-inter-level travel time spent in this place.
 C = Inter-level travel time spent in this place.
 D = Time resting spent in this place.
 E = Time spent auto-exploring this place.
 F = Levels seen in this place.
 G = Mean time per level.
                   A        B        C        D        E       F      G
               +--------+--------+--------+--------+--------+-----+--------+
         Total |   1055 |   1055 |      0 |      0 |      0 |   2 |  527.5 |
       Dungeon |   1055 |   1055 |      0 |      0 |      0 |   2 |  527.5 |
               +--------+--------+--------+--------+--------+-----+--------+

Top non-repeatable levels by time:
     D:1: 908 daAuts
     D:2: 147 daAuts
